 Dungeon Crawl Stone Soup version 0.30-a0-870-gc5d4c5acee (webtiles) character file.

Game seed: 14522665987337016953

20 JumpingJurisdiction the Trooper (level 2, 0/27 HPs)
             Began as a Draconian Berserker on Mar 12, 2023.
             Was a Follower of Trog.
             Killed from afar by a dart slug (4 damage)
             ... with a slug dart
             ... on level 2 of the Dungeon.
             The game lasted 00:11:57 (1796 turns).

JumpingJurisdiction the Trooper (DrBe)              Turns: 1796, Time: 00:11:57

Health: 0/27       AC:  5    Str: 19    XL:     2   Next: 58%
Magic:  2/2        EV: 12    Int:  7    God:    Trog [*.....]
Gold:   37         SH:  0    Dex: 10    Spells: 1/1 levels left

rFire   . . .      SeeInvis .    b - +0 dagger
rCold   . . .      Faith    .    (no shield)
rNeg    . . .      Spirit   .    (body armour unavailable)
rPois   .          Reflect  .    (helmet restricted)
rElec   .          Rampage  .    (no cloak)
rCorr   .                        h - +0 pair of gloves
Will    .....                    (no boots)
Stlth   +                        (no amulet)
HPRegen 0.24/turn                (no ring)
MPRegen 0.08/turn                (no ring)

@: lethally poisoned (0 -> -5)
A: AC +4, unfitting armour, cold-blooded
a: Renounce Religion, Berserk


You were on level 2 of the Dungeon.
You worshipped Trog.
Trog was aware of your devotion.
You visited 1 branch of the dungeon, and saw 2 of its levels.

You collected 37 gold pieces.

Inventory:

Hand Weapons
 b - a +0 dagger (weapon)
 f - a +0 mace
 g - a +0 rapier
Armour
 h - a +0 pair of gloves (worn)
Scrolls
 a - 3 scrolls of identify {unknown}
 c - a scroll of teleportation {unknown}
 e - a scroll of magic mapping {unknown}
Potions
 d - a potion of degeneration {unknown}
 i - a potion of lignification {unknown}


   Skills:
 + Level 3.6 Fighting
 + Level 3.0 Dodging
 + Level 3.3 Unarmed Combat


You had one spell level left.
You didn't know any spells.
Your spell library contained the following spells:

 Spells                   Type           Power      Damage    Failure   Level
 Sandblast                Erth           0%         2d4       43%         1
 Summon Small Mammal      Summ           0%         N/A       43%         1
 Summon Guardian Golem    Hex/Summ       0%         N/A       80%         3
 Summon Hydra             Summ           0%         N/A       100%        7
 Summon Horrible Things   Summ           0%         N/A       100%        8


Dungeon Overview and Level Annotations

Branches:
Dungeon (2/15)

Altars:


Innate Abilities, Weirdness & Mutations

Your plain brown scales are hard. (AC +4)
You cannot fit into any form of body armour.
You are cold-blooded and may be slowed by cold attacks.


Message History

You closely miss the adder.
The adder is lightly wounded.
The adder bites you but does no damage.
The dart slug bites you but does no damage.
The kobold hits you with a +0 short sword.
The hobgoblin misses you.
You hit the adder.
Your tail-slap misses the adder.
The adder is moderately wounded.
The adder closely misses you. The adder bites you but does no damage.
The hobgoblin barely misses you.
The kobold hits you with a +0 short sword.
You hit the hobgoblin but do no damage. The adder completely misses you.
The dart slug launches a dart at you. The slug dart misses you.
The hobgoblin hits you but does no damage.
The kobold hits you with a +0 short sword.
You closely miss the hobgoblin. The adder bites you.
You are poisoned.
The adder poisons you! The dart slug closely misses you.
The kobold closely misses you. The hobgoblin closely misses you.
You hit the kobold.
You kill the kobold!
Trog accepts your kill.
You feel sick. The adder barely misses you. The adder bites you.
You are lethally poisoned!
The adder poisons you! The hobgoblin barely misses you.
* * * LOW HITPOINT WARNING * * *
You feel sick. The hobgoblin barely misses you.
Things that are here:
a +0 short sword; 3 stones; a kobold corpse The hobgoblin attacks as you move away!
The hobgoblin barely misses you.
* * * LOW HITPOINT WARNING * * *
You feel sick.
There is a lethal amount of poison in your body!
You hit the dart slug but do no damage.
* * * LOW HITPOINT WARNING * * *
You feel sick. The dart slug launches a dart at you. The slug dart hits you.
You die...

#..##..###.#
#...........
.).##....####.##
.........'.....#
######...###...#
###.# ...# #.#
...# #.###...#
#.gw@...#
#[.S#....#
.......##...#
........# ...#
......... .....
......... ....#.
#####.........#
# #.........#


You could see an adder, a dart slug and a hobgoblin.

Vanquished Creatures
  3 ball pythons (D:1)
  A bat (D:1)
  2 endoplasms (D:1)
  A hobgoblin (D:1)
  2 jackals (D:1)
  2 quokkas (D:1)
  A goblin (D:1)
  3 kobolds
  3 rats (D:1)
18 creatures vanquished.

Notes
Turn   | Place    | Note
-------+----------+-------------------------------------------
     0 | D:1      | JumpingJurisdiction the Draconian Berserker began the quest
                  | for the Orb.
     0 | D:1      | Reached XP level 1. HP: 19/19 MP: 1/1
    89 | D:1      | Got the Elucidation of Beckoning and Terra Firma
   280 | D:1      | Reached XP level 2. HP: 26/26 MP: 2/2
   724 | D:1      | Reached ** piety under Trog
  1796 | D:2      | Killed from afar by a dart slug

Illustrated notes

Levels and vault maps discovered:
D:1:      dpeg_arrival_leaves_temple_mockup, layout_loops_ring,
          serial_co_window_serial, co_window_of_opportunity_a,
          co_window_paths_a, co_window_of_opportunity_a, co_window_paths_b,
          co_window_of_opportunity_a, co_window_paths_a, co_window_corner_b,
          co_window_paths_c, co_window_paths_c, co_window_broadway_b,
          co_window_corner_b, co_window_broadway_c, co_window_sun,
          co_window_paths_d, glass_columns_a, glass_columns_b, glass_columns_b
D:2:      cheibrodos_pilgrimage, layout_basic,
          ebering_ecumenical_altar_abandoned, uniq_crazy_yiuf_cottage,
          uniq_jessica, uniq_robin

Skill      XL: |  1  2 |
---------------+-------+-----
Dodging        | 3 |  3.0
Fighting       | |  3.6
Unarmed Combat | |  3.3

Action                     || total
---------------------------++-------
  Melee: Dagger            ||   100
         Tailslap          ||    10
         Unarmed           ||     2
         Punch             ||     2
 Armour: Skin              ||    38
  Dodge: Dodged            ||   103

Table legend: (Time is in decaauts)
 A = Elapsed time spent in this place.
 B = Non-inter-level travel time spent in this place.
 C = Inter-level travel time spent in this place.
 D = Time resting spent in this place.
 E = Time spent auto-exploring this place.
 F = Levels seen in this place.
 G = Mean time per level.
                   A        B        C        D        E       F      G
               +--------+--------+--------+--------+--------+-----+--------+
         Total |   1795 |    347 |   1448 |      0 |    112 |   2 |  897.5 |
       Dungeon |   1795 |    347 |   1448 |      0 |    112 |   2 |  897.5 |
               +--------+--------+--------+--------+--------+-----+--------+

Top non-repeatable levels by time:
     D:1: 1765 daAuts
     D:2: 29 daAuts
